AoeStats
← Green Assassin

Nomad

505757757Analyzed
4v4 RM · 20d ago on Sep 10, 2026· 25m 55s· 8 players
Game mode
Random Map
Map size
231×231
Population
200
Speed
Normal
Resources
Standard
Victory
Conquest
Starting age
Dark Age
Ending age
Imperial Age
RankedLock teamsTeams togetherTeam positionsShared explorationLock speedFull tech treeHidden civsTurbo modeCheats
Victory
Defeat
🇲🇽 Mongols · Mexico
1340
+11
🇲🇽 Cumans · Mexico
1337
+11
🇲🇽 Mapuche · Mexico
1248
+14
🇲🇽 Huns · Mexico
1095
+20
🇨🇦 Vietnamese · Canada
1236
-16
🇨🇦 Britons · Canada
1223
-14
🇨🇱 Spanish · Chile
1196
-13
🇩🇪 Khmer · Germany
1194
-13
PlayerNbrOne
4:33 Loom
14:43 Feudal Age
16:03 Wheelbarrow
18:33 Castle Age
18:00 Stone Mining
19:55 Double-Bit Axe
20:29 Fletching
Azmaveth
5:50 Loom
14:54 Feudal Age
16:30 Double-Bit Axe
19:16 Castle Age
19:19 Stone Mining
Green Assassin
4:09 Loom
14:21 Feudal Age
15:07 Horse Collar
20:04 Castle Age
18:22 Double-Bit Axe
20:20 Wheelbarrow
22:31 Husbandry
26:21 Ballistics
Martineitor
5:18 Loom
14:05 Feudal Age
14:43 Double-Bit Axe
17:02 Horse Collar
18:22 Town Watch
18:33 Gold Mining
21:12 Wheelbarrow
21:07 Fletching
Santo Cipriano
3:53 Loom
17:13 Feudal Age
17:39 Fishing Lines
17:48 Double-Bit Axe
17:46 Horse Collar
23:21 Castle Age
21:33 Gold Mining
21:35 Stone Mining
El Cachorro
4:19 Loom
14:56 Feudal Age
20:06 Castle Age
18:08 Double-Bit Axe
19:18 Fletching
21:03 Bodkin Arrow
23:43 Padded Archer Armor
Claudia Sheinbaum
5:35 Loom
11:50 Feudal Age
13:36 Double-Bit Axe
20:18 Castle Age
19:43 Stone Mining
20:18 Gold Mining
21:25 Bow Saw
21:29 Fletching
23:14 Medium Warships
23:02 Town Watch
Diego
4:48 Loom
13:22 Feudal Age
13:48 Double-Bit Axe
14:35 Man-at-Arms
15:47 Scale Mail Armor
23:25 Horse Collar
25:25 Wheelbarrow
Connection lost

Rejoining the realm…

Still unreachable

The connection could not be restored.

Session expired

The server has moved on; the page needs a fresh start.